 Dungeon Crawl Stone Soup version 0.13-a0-2236-g7be3fc8 (webtiles) character file.

303 Kae the Chiller (level 5, -2/28 HPs)
             Began as a Deep Elf Ice Elementalist on July 4, 2013.
             Was a Follower of Vehumet.
             Slain by Menkaure (14 damage)
             ... on Level 4 of the Dungeon.
             The game lasted 00:07:09 (2654 turns).

Kae the Chiller (Deep Elf Ice Elementalist)         Turns: 2654, Time: 00:07:09

HP  -2/28        AC  3     Str  6      XL: 5   Next: 33%
MP   4/16        EV 13     Int 20      God: Vehumet [*.....]
Gold 123         SH  0     Dex 15      Spells:  4 memorised,  0 levels left

Res.Fire  : . . .   See Invis. : .   (no weapon)
Res.Cold  : . . .   Warding    : .   a - +0 elf robe (curse)
Life Prot.: . . .   Conserve   : .   (no shield)
Res.Poison: .       Res.Corr.  : .   (no helmet)
Res.Elec. : .       Clarity    : .   (no cloak)
Sust.Abil.: . .     Spirit.Shd : .   h - +0 pair of gauntlets
Res.Mut.  : .       Stasis     : .   (no boots)
Res.Rott. : .       Flight     : .   (no amulet)
Saprovore : . . .                    (no ring)
                                     (no ring)

@: slightly resistant to hostile enchantments, fairly stealthy
A: no striking features
a: Renounce Religion


You were on level 4 of the Dungeon.
You worshipped Vehumet.
Vehumet was pleased with you.
You were not hungry.

You visited 1 branch of the dungeon, and saw 4 of its levels.

You collected 103 gold pieces.

Inventory:

Hand weapons
 w - a +0,+0 trident
Armour
 a - a cursed +0 elven robe (worn)
 h - a +0 pair of gauntlets (worn)
Comestibles
 c - 4 bread rations
 o - a cheese
 q - an apple
 t - a choko
 u - a meat ration
 v - a rotting chunk of human flesh
 z - a chunk of giant newt flesh
Scrolls
 d - 2 scrolls of teleportation
 e - 4 scrolls of identify
 i - 2 scrolls of enchant armour {unknown}
 k - a scroll of enchant weapon II {unknown}
 n - a scroll of curse armour
 p - 2 scrolls of remove curse {unknown}
 r - a scroll of recharging {unknown}
 s - a scroll of amnesia {unknown}
 y - 2 scrolls of fear {unknown}
Jewellery
 x - an uncursed ring of ice {unknown}
Potions
 f - 3 potions of curing
 g - a potion of magic {unknown}
 j - a potion of heal wounds {unknown}
 l - a potion of restore abilities {unknown}
 m - a potion of brilliance {unknown}
Books
 b - a book of Frost

   Spells                             Type                      Level
   *Freeze                            Ice                          1
   *Throw Frost                       Conjuration/Ice              2
   *Ozocubu's Armour                  Charms/Ice                   3
   *Throw Icicle                      Conjuration/Ice              4
   Summon Ice Beast                   Ice/Summoning                4
   Condensation Shield                Ice                          4


   Skills:
 - Level 2.4 Dodging
 - Level 2.4 Stealth
 + Level 3.2 Spellcasting
 * Level 3.7 Conjurations
 * Level 4.9 Ice Magic


You couldn't memorise any spells.
You knew the following spells:

 Your Spells              Type           Power        Failure   Level  Hunger
a - Freeze                Ice            ###.         1%          1    None
b - Throw Frost           Conj/Ice       ###...       3%          2    ##.....
c - Throw Icicle          Conj/Ice       ###.....     24%         4    ####...
d - Ozocubu's Armour      Chrm/Ice       ##........   17%         3    ###....


Dungeon Overview and Level Annotations

Branches:
Dungeon (4/27)
 Temple: D:4-7

Altars:
Fedhas
Okawaru
Vehumet
Xom

Annotations
D:3 1 exclusion, Crazy Yiuf; Grinder; cedor's ghost, average HESk
D:4 Menkaure


Message History

Casting: Throw Frost
Confirm with . or Enter, or press ? or * to list all spells.
Aiming: Throw Frost
Press: ? - help, Shift-Dir - straight line, f/p - Menkaure
Aim: Menkaure (moderately damaged, moving very quickly)
The puff of frost hits Menkaure.
Menkaure resists.
Menkaure is heavily damaged.
Casting: Throw Frost
Confirm with . or Enter, or press ? or * to list all spells.
Aiming: Throw Frost
Press: ? - help, Shift-Dir - straight line, f/p - Menkaure
Aim: Menkaure (heavily damaged, moving very quickly)
The puff of frost hits Menkaure.
Menkaure resists.
Menkaure is heavily damaged.
Menkaure casts a spell at you. Pain shoots through your body!
You start resting.
Menkaure hits you!
Ouch! That really hurt!
You die...

#..# #.# #..# #.#
#..# #.# #..# #.# #
#.)# #######.##.##.#
#..# ...............#
#..# #.#
#..##########M#
#.....<.....@.#####.#
#.##########........#
#.# #.######## #.#
#[# #.# #.# #.# #.#
#.##### #.#####
#.....# #.....#
#####.# #####.#


You could see Menkaure.

Vanquished Creatures
  Terence (D:3)
  6 adders
  2 gnolls (D:3)
  A giant mite (D:3)
  A worm (D:3)
  A giant eyeball (D:4)
  2 giant geckos
  An ooze (D:4)
  3 orcs
  9 bats
  2 giant cockroaches (D:3)
  12 goblins
  7 hobgoblins
  12 jackals
  A quokka (D:4)
  3 giant newts
  2 goblin skeletons
  4 kobolds
  A kobold skeleton (D:4)
  8 rats
79 creatures vanquished.

Vanquished Creatures (others)
  A toadstool (D:3)
1 creature vanquished.

Grand Total: 80 creatures vanquished

Notes
Turn   | Place    | Note
--------------------------------------------------------------
     0 | D:1      | Kae, the Deep Elf Ice Elementalist, began the quest for the Orb.
     0 | D:1      | Reached XP level 1. HP: 10/10 MP: 4/4
   194 | D:1      | Reached XP level 2. HP: 12/15 MP: 0/7
   253 | D:1      | Learned a level 2 spell: Throw Frost
   570 | D:2      | Reached skill level 4 in Ice Magic
   579 | D:2      | Found a shimmering altar of Xom.
   714 | D:2      | Found a radiant altar of Vehumet.
   767 | D:2      | Reached XP level 3. HP: 19/19 MP: 3/9
   771 | D:2      | Became a worshipper of Vehumet
  1330 | D:2      | Reached XP level 4. HP: 24/24 MP: 6/12
  1513 | D:3      | Noticed Grinder
  1617 | D:3      | Noticed Crazy Yiuf
  1654 | D:3      | Found a blossoming altar of Fedhas.
  1967 | D:3      | Found an iron altar of Okawaru.
  1979 | D:3      | Acquired Vehumet's first power
  1979 | D:3      | Offered knowledge of Flame Tongue by Vehumet.
  1993 | D:3      | Reached XP level 5. HP: 21/28 MP: 8/15
  2110 | D:3      | Noticed cedor's ghost (average HESk)
  2241 | D:3      | Noticed Terence
  2255 | D:3      | Killed Terence
  2559 | D:4      | Learned a level 4 spell: Throw Icicle
  2563 | D:4      | Learned a level 3 spell: Ozocubu's Armour
  2641 | D:4      | Noticed Menkaure
  2654 | D:4      | Slain by Menkaure

Action                   |  1- 3 |  4- 6 || total
-------------------------+-------+-------++-------
Melee: Unarmed           |    16 |    25 ||    41
 Cast: Freeze            |    63 |    64 ||   127
       Throw Frost       |       |    10 ||    10
  Use: Scroll            |       |     6 ||     6
       Potion            |       |     1 ||     1
